 Dungeon Crawl Stone Soup version 0.28-a0-938-gbc3f381ebc (webtiles) character file.

Game seed: 10944457709465149333

189505 ragingrage the Warrior (level 18, -4/162 HPs)
             Began as a Merfolk Gladiator on Nov 30, 2021.
             Was the Champion of Okawaru.
             Slain by an entropy weaver (13 damage)
             ... in the Arena.
             The game lasted 00:55:47 (36758 turns).

ragingrage the Warrior (Merfolk Gladiator)         Turns: 36758, Time: 00:55:48

Health: -4/162     AC:  4    Str: 20    XL:     18   Next: 13%
Magic:  17/24      EV: 18    Int: 15    God:    Okawaru [******]
Gold:   628        SH: 12    Dex: 17    Spells: 17/17 levels left

rFire   . . .      SeeInvis .   T - +8 trident of the Octopus King {venom, rElec rPois Will+}
rCold   + . .      Faith    .   O - +0 kite shield {rC+}
rNeg    . . .      Spirit   .   z - +4 ring mail of Ru's Whim {Rampage Int+7}
rPois   +          Reflect  .   W - +0 hat "Vedys" {Regen+}
rElec   +          Harm     .   q - scarf {repulsion}
rCorr   +          Rampage  +   N - +2 pair of gloves
Will    ++...                   J - +2 pair of boots {rampage}
Stlth   +.........              H - amulet of the acrobat
HPRegen 1.17/turn               F - ring of resist corrosion
MPRegen 0.19/turn               u - +4 ring of protection

@: corroded, studying Staves, repel missiles, duelling
A: (nimble swimmer 2), mertail
}: 1/15 runes: decaying
a: Renounce Religion, Heroism, Finesse, Duel


You were in the Arena.
You worshipped Okawaru.
Okawaru was exalted by your worship.
You visited 6 branches of the dungeon, and saw 30 of its levels.
You also visited: Bailey and Volcano.

You collected 2931 gold pieces.
You spent 2303 gold pieces at shops.

Inventory:

Hand Weapons
 a - a +4 antimagic demon trident
 d - a +2 demon trident of flaming
 T - the +8 trident of the Octopus King (weapon) {venom, rElec rPois Will+}
   (You bought it in a shop on level 3 of the Dungeon)

   It poisons the flesh of those it strikes.
   rElec:     It insulates you from electricity.
   rPois:     It protects you from poison.
   Will:      It increases your willpower.
Missiles
 x - 14 silver javelins
 y - 79 boomerangs (quivered)
 C - 45 poisoned darts
 L - 27 javelins
 S - a throwing net
 X - 5 curare-tipped darts
Armour
 q - a scarf of repulsion (worn)
 z - the +4 ring mail of Ru's Whim (worn) {Rampage Int+7}
   (You bought it in a shop on level 3 of the Dungeon)

   Int:       It affects your intelligence (+7).
   Rampage:   It bestows one free step when moving towards enemies.
 J - a +2 pair of boots of rampaging (worn)
 N - a +2 pair of gloves (worn)
 O - a +0 kite shield of cold resistance (worn)
 W - the +0 hat "Vedys" (worn) {Regen+}
   (You found it in a volcano)

   Regen:     It increases your rate of health regeneration.
Jewellery
 c - a ring of fire
 g - a ring of flight
 s - a ring of protection from cold
 u - a +4 ring of protection (right hand)
 F - a ring of resist corrosion (left hand)
 H - an amulet of the acrobat (around neck)
 R - the ring "Palaec" {Str+3 SInv}
   (You found it on level 6 of the Dungeon)

   [ring of see invisible]

   Str:       It affects your strength (+3).
   SInv:      It lets you see invisible.
Wands
 f - a wand of flame (41)
 E - a wand of polymorph (38)
 G - a wand of iceblast (30)
 I - a wand of acid (28)
Scrolls
 h - 4 scrolls of magic mapping
 j - 3 scrolls of enchant armour
 n - 2 scrolls of fog
 r - 11 scrolls of identify
 t - 3 scrolls of fear
 A - 7 scrolls of teleportation
 D - 2 scrolls of brand weapon
 K - 5 scrolls of amnesia
 Y - 2 scrolls of enchant weapon
 Z - a scroll of silence
Potions
 b - 3 potions of attraction
 e - 5 potions of brilliance
 i - a potion of magic
 k - 3 potions of mutation
 m - 2 potions of flight
 o - 5 potions of heal wounds
 p - 4 potions of degeneration
 v - 2 potions of berserk rage
 w - 10 potions of ambrosia
 B - 8 potions of might
 M - a potion of resistance
 P - 2 potions of curing
 Q - 4 potions of lignification
 V - 4 potions of haste
Miscellaneous
 l - a phial of floods


   Skills:
 - Level 20.0 Fighting
 - Level 16.0 Polearms
 + Level 12.4 Throwing
 + Level 5.2 Armour
 - Level 15.0 Dodging
 - Level 10.0 Shields
 - Level 9.0 Invocations
 - Level 12.0 Evocations


You had 17 spell levels left.
You didn't know any spells.
Your spell library contained the following spells:

 Spells                   Type           Power      Damage    Failure   Level
 Beastly Appendage        Tmut           0%         N/A       63%         1
 Shock                    Conj/Air       0%         1d3       63%         1
 Sting                    Tmut/Pois      0%         1d3       63%         1
 Blink                    Tloc           0%         N/A       77%         2
 Corpse Rot               Necr/Air       0%         N/A       77%         2
 Poisonous Vapours        Pois/Air       0%         N/A       77%         2
 Static Discharge         Conj/Air       0%         N/A       77%         2
 Sublimation of Blood     Necr           0%         N/A       77%         2
 Wereblood                Tmut           0%         N/A       77%         2
 Dazzling Flash           Conj/Hex       0%         N/A       94%         3
 Frozen Ramparts          Ice            0%         1d2       94%         3
 Gell's Gravitas          Tloc           0%         N/A       94%         3
 Lesser Beckoning         Tloc           0%         N/A       94%         3
 Ozocubu's Armour         Ice            0%         N/A       94%         3
 Spider Form              Tmut/Pois      0%         N/A       94%         3
 Swiftness                Air            0%         N/A       94%         3
 Teleport Other           Tloc           0%         N/A       94%         3
 Airstrike                Air            0%         N/A       100%        4
 Cause Fear               Hex            0%         N/A       100%        4
 Dispel Undead            Necr           0%         3d6       100%        4
 Hailstorm                Conj/Ice       0%         3d3       100%        4
 Ice Form                 Ice/Tmut       0%         N/A       100%        4
 Leda's Liquefaction      Hex/Erth       0%         N/A       100%        4
 Olgreb's Toxic Radiance  Pois           0%         N/A       100%        4
 Petrify                  Tmut/Erth      0%         N/A       100%        4
 Sticky Flame             Conj/Fire      0%         2d3       100%        4
 Agony                    Necr           0%         N/A       100%        5
 Blade Hands              Tmut           0%         N/A       100%        5
 Irradiate                Conj/Tmut      0%         3d13      100%        5
 Manifold Assault         Tloc           0%         N/A       100%        5
 Metabolic Englaciation   Hex/Ice        0%         N/A       100%        5
 Silence                  Hex/Air        0%         N/A       100%        5
 Dispersal                Tloc           0%         N/A       100%        6
 Iron Shot                Conj/Erth      0%         9d1       100%        6
 Dragon Form              Tmut           0%         N/A       100%        7
 Ozocubu's Refrigeration  Ice            0%         4d5       100%        7
 Disjunction              Tloc           0%         N/A       100%        8
 Ignition                 Fire           0%         3d3       100%        8
 Animate Armour           Summ/Erth      Unusable   N/A       N/A         4
 Summon Ice Beast         Ice/Summ       Unusable   N/A       N/A         4
 Death Channel            Necr           Unusable   N/A       N/A         6
 Simulacrum               Ice/Necr       Unusable   N/A       N/A         6
 Dragon's Call            Summ           Unusable   N/A       N/A         9

Dungeon Overview and Level Annotations

Branches:
Dungeon (13/15)            Temple (1/1) D:5            Lair (6/6) D:8
  Swamp (4/4) Lair:3       Spider (4/4) Lair:3        Slime (0/5) Lair:5
    Orc (2/2) D:11            Elf (0/3) Orc:2        Vaults (0/5) D:13
 Bailey (visited)         Volcano (visited)

Altars:
Ashenzari
Cheibriados
Dithmenos
Elyvilon
Fedhas
Gozag
Hepliaklqana
Kikubaaqudgha
Makhleb
Nemelex Xobeh
Okawaru
Qazlal
Ru
Sif Muna
Trog
Uskayaw
Vehumet
Wu Jian
Xom
Yredelemnul
Zin
The Shining One
Jiyva

Shops:
D:3 *   D:13 *   Orc:2 =*[=[

Annotations:
Lair:5 exclusion: downstairs
Swamp:2 1 runed translucent door, dolemite99's ghost, adept GnEE
Spider:1 exclusion: downstairs
Spider:4 Roxanne


Innate Abilities, Weirdness & Mutations

((You are quick and stealthy near water. (Stealth+, EV+, Speed+++)))
Your lower body shifts to a powerful aquatic tail in water.


Message History

* * * LOW HITPOINT WARNING * * *
You block the entropy weaver's attack. The entropy weaver closely misses you.
Unknown command.
You feel much better. You block the demonic crawler's attack.
The demonic crawler hits you!
* * * LOW HITPOINT WARNING * * *
You block the demonic crawler's attack. The entropy weaver misses you.
The entropy weaver closely misses you.
The entropy weaver hits you but does no damage.
The entropy weaver closely misses you.
Unknown command.
Press: ? - help, Dir - move target, f - demonic crawler
Aim: a demonic crawler (lightly wounded, very poisoned)
The demonic crawler is not worthy to be dueled!
Press: ? - help, Dir - move target, f - entropy weaver, p - demonic crawler
Aim: an entropy weaver (heavily wounded, extremely poisoned)
You enter into single combat with the entropy weaver!
The world spins around you as you enter the gateway.
You enter Okawaru's Arena!
The spectator shouts! x11
You block the entropy weaver's attack.
The entropy weaver hits you but does no damage.
The entropy weaver barely misses you. The entropy weaver hits you.
* * * LOW HITPOINT WARNING * * *
Found a gate leading back out of this place.
There is an empty arch of ancient stone, spattered with blood here.
You hit the entropy weaver but do no damage.
The entropy weaver is heavily wounded.
You hit the entropy weaver but do no damage.
The entropy weaver looks as sick as possible!
The entropy weaver is severely wounded.
The entropy weaver points at you and mumbles some strange words.
The entropic weave corrodes you!
You closely miss the entropy weaver.
The entropy weaver is severely wounded.
You block the entropy weaver's attack. The entropy weaver hits you!
* * * LOW HITPOINT WARNING * * *
The entropy weaver hits you!
You die...
Okawaru crowns the entropy weaver victorious!

###########
#..p▓∩▓p..# ##
▓▓▓▓▓▓▓▓▓ ##
#.▓ ....... ▓.#
#.▓.#.....#.▓.#
#p▓.........▓p#
#▓▓.........▓▓#
#p▓...B@....▓p#
#▓▓.........▓▓#
#p▓.........▓p#
#.▓.#.....#.▓.#
#.▓ ....... ▓.#
## ▓▓▓▓▓▓▓▓▓ ##
#..p▓p▓p..#
###########


You could see an entropy weaver (extremely poisoned).

Vanquished Creatures
  Arachne (Spider:3)
  Nikola (Swamp:4)
  2 thorn hunters (Swamp:4)
  Donald (Orc:2)
  2 fenstrider witches (Swamp:3)
  3 ghouls
  Louise (Spider:2)
  4 emperor scorpions
  Nessos (Lair:4)
  A dire elephant (Lair:6)
  2 spark wasps
  A red draconian (Volcano)
  3 bunyips
  4 entropy weavers
  Snorg (Lair:4)
  4 eleionomae
  Josephine (Lair:6)
  A shambling mangrove (Swamp:3)
  5 boulder beetles
  19 hydras
  3 ice dragons
  A spriggan air mage (Swamp:3)
  3 catoblepae
  An ogre mage (Volcano)
  5 centaur warriors (D:13)
  2 ghost crabs (Swamp:2)
  9 alligators
  12 two-headed ogres
  A deep troll shaman (Lair:6)
  4 death yaks
  Urug (Lair:1)
  A tengu warrior (D:13)
  3 orc high priests
  A goliath frog (Swamp:3)
  3 spriggan druids
  The ghost of Atlas the Chiller, a novice DsIE (D:6)
  10 swamp dragons
  6 orc knights
  Pikel (D:9)
  4 bog bodies
  30 wolf spiders
  A necromancer (Lair:5)
  5 orc sorcerers
  14 orb spiders
  A deep elf pyromancer (D:11)
  A manticore (D:13)
  4 will-o-the-wisps
  A moth of wrath (Spider:1)
  12 elephants
  A black mamba (Lair:3)
  2 molten gargoyles (Volcano)
  An unseen horror (D:11)
  4 cane toads
  4 ice statues (D:11)
  A gargoyle (D:8)
  5 komodo dragons
  3 rime drakes
  6 demonic crawlers
  20 jumping spiders
  4 trolls
  12 tyrant leeches
  A queen bee (Lair:2)
  18 hornets
  A wind drake (shapeshifter) (D:9)
  3 meliai (Spider:3)
  Prince Ribbit (D:7)
  2 polar bears
  4 slime creatures
  11 blink frogs
  A shadow (D:13)
  68 redbacks
  6 wraiths
  A wyvern (shapeshifter) (D:8)
  4 wyverns
  2 vampires
  14 spriggans
  5 basilisks
  16 humans (D:13)
  2 fire bats (Volcano)
  16 tarantellas
  63 yaks
  A steam dragon (D:9)
  7 vampire mosquitoes
  13 swamp worms
  3 wargs
  An acid dragon (D:11)
  12 water moccasins
  8 swamp drakes
  A hornet zombie (D:7)
  15 ice beasts
  3 black bears
  26 orc warriors
  2 necrophages
  3 elephant zombies (Lair:5)
  5 ogres
  12 wolves
  8 centaurs
  2 phantoms (D:6)
  A lemure (D:9)
  2 komodo dragon zombies (Lair:5)
  12 bullfrogs
  2 wyvern zombies
  3 gnoll sergeants (D:6)
  2 scorpions (D:5)
  2 water moccasin skeletons
  28 killer bees
  5 wights (D:6)
  A howler monkey (D:9)
  5 electric eels (Lair:5)
  7 lava snakes (Volcano)
  A basilisk zombie (Lair:5)
  5 centaur zombies
  2 jellies
  3 gnoll shamans
  18 orc priests
  2 hounds
  18 orc wizards
  Ijyb (D:5)
  4 iguanas
  A killer bee zombie (D:7)
  2 howler monkey zombies
  17 gnolls
  8 adders
  2 shadow imps
  2 ufetubi
  A worm (D:2)
  3 dart slugs
  44 orcs
  5 bats
  6 endoplasms
  2 giant cockroaches
  8 goblins
  12 hobgoblins
  6 quokkas
  7 ball pythons
  22 kobolds
  3 rats
898 creatures vanquished.

Vanquished Creatures (others)
  A bunyip (Swamp:2)
  A swamp dragon (Swamp:4)
  A tyrant leech (Swamp:1)
  3 bloated husks
  5 dream sheep (D:6)
  A redback (Spider:3)
  A swamp drake (Swamp:4)
  10 foxfires
  30 fungi
  81 plants
134 creatures vanquished.

Grand Total: 1032 creatures vanquished

Notes
Turn   | Place    | Note
-------+----------+-------------------------------------------
     0 | D:1      | ragingrage the Merfolk Gladiator began the quest for the
                  | Orb.
     0 | D:1      | Reached XP level 1. HP: 16/16 MP: 1/1
   219 | D:1      | Reached skill level 5 in Polearms
   219 | D:1      | Reached XP level 2. HP: 22/22 MP: 2/2
   453 | D:1      | Found a faded altar of an unknown god.
   535 | D:1      | Reached XP level 3. HP: 27/27 MP: 3/3
  1477 | D:2      | Reached XP level 4. HP: 26/33 MP: 4/4
  2051 | D:5      | Entered Level 5 of the Dungeon
  2061 | D:4      | Reached XP level 5. HP: 26/38 MP: 5/5
  2432 | D:3      | Found Atwebeq's Assorted Antiques.
  2441 | D:3      | Bought a scroll labelled REHEAWN OSKE for 23 gold pieces
  2441 | D:3      | Bought a scroll labelled BUYDIGHE EMEAJ for 23 gold pieces
  4052 | D:5      | Noticed a centaur
  4092 | D:4      | Reached XP level 6. HP: 44/44 MP: 6/6
  4259 | D:5      | Reached skill level 10 in Polearms
  4347 | D:5      | Reached XP level 7. HP: 18/50 MP: 7/7
  4522 | D:5      | Noticed Ijyb
  4547 | D:5      | Killed Ijyb
  4819 | D:5      | Found a staircase to the Ecumenical Temple.
  4986 | Temple   | Entered the Ecumenical Temple
  5570 | D:6      | Reached XP level 8. HP: 54/56 MP: 8/8
  5827 | D:6      | Reached skill level 1 in Shields
  5855 | D:6      | Reached skill level 1 in Armour
  5889 | D:6      | Reached skill level 3 in Fighting
  6159 | D:6      | Found a transporter.
  6163 | D:6      | Found a transporter.
  6184 | D:6      | Reached skill level 5 in Dodging
  6187 | D:6      | Noticed Atlas's ghost (novice DsIE)
  6187 | D:6      | Identified the +5 ring mail "Dyworhic" {Rampage}
  6203 | D:6      | Reached XP level 9. HP: 53/64 MP: 9/9
  6419 | D:6      | Found a blossoming altar of Fedhas.
  6449 | D:6      | Found a shimmering altar of Xom.
  6530 | D:7      | Reached skill level 4 in Fighting
  6759 | D:3      | Bought a smoking ring mail for 207 gold pieces
  6759 | D:3      | Identified the +4 ring mail of Ru's Whim {Rampage Int+7}
                  | (You bought it in a shop on level 3 of the Dungeon)
  7339 | D:7      | Noticed Prince Ribbit
  7346 | D:7      | Killed Prince Ribbit
  8063 | D:8      | Noticed a gargoyle
  8065 | D:8      | Found a staircase to the Lair.
  8088 | D:8      | Noticed a deep elf pyromancer
  8106 | D:8      | Killed a gargoyle
  8122 | D:8      | Reached skill level 5 in Fighting
  8185 | D:8      | Noticed a harpy
  8361 | D:8      | Reached XP level 10. HP: 74/74 MP: 10/10
  8606 | D:9      | Found a white marble altar of Elyvilon.
  8619 | D:10     | Entered Level 10 of the Dungeon
  8657 | D:10     | Noticed a two-headed ogre
  8680 | D:10     | Killed a two-headed ogre
  8681 | D:10     | Reached skill level 5 in Throwing
  8932 | D:9      | Reached skill level 6 in Fighting
  8944 | D:9      | Reached skill level 5 in Shields
  9013 | D:9      | Noticed an elephant
  9041 | D:9      | Killed an elephant
  9160 | D:9      | Noticed an elephant
  9172 | D:9      | Killed an elephant
  9193 | D:9      | Found a stormy altar of Qazlal.
  9250 | D:9      | Reached skill level 7 in Fighting
  9502 | D:9      | Found an iron altar of Okawaru.
  9506 | D:9      | Found an ornate altar of the Wu Jian Council.
  9507 | D:9      | Found a basalt altar of Yredelemnul.
  9507 | D:9      | Found a radiant altar of Vehumet.
  9507 | D:9      | Found a broken altar of Ashenzari.
  9510 | D:9      | Became a worshipper of Warmaster Okawaru
  9665 | D:9      | Noticed an elephant
  9683 | D:9      | Killed an elephant
  9684 | D:9      | Reached XP level 11. HP: 68/85 MP: 11/11
  9961 | D:9      | Reached skill level 8 in Fighting
  9961 | D:9      | Reached skill level 10 in Dodging
 10000 | D:9      | Noticed a two-headed ogre
 10012 | D:9      | Killed a two-headed ogre
 10012 | D:9      | Reached * piety under Okawaru
 10017 | D:9      | Reached skill level 9 in Fighting
 10019 | D:9      | Noticed Pikel
 10060 | D:9      | Killed Pikel
 10554 | D:9      | Reached ** piety under Okawaru
 10851 | D:9      | Found a sacrificial altar of Ru.
 11215 | D:10     | Noticed a two-headed ogre
 11238 | D:10     | Killed a two-headed ogre
 11239 | D:10     | Reached skill level 10 in Fighting
 11239 | D:10     | Reached skill level 1 in Invocations
 11255 | D:10     | Reached skill level 1 in Evocations
 11278 | D:10     | Noticed a two-headed ogre
 11297 | D:10     | Killed a two-headed ogre
 11752 | D:10     | Reached *** piety under Okawaru
 12365 | D:11     | Noticed a boulder beetle
 12432 | D:11     | Killed a boulder beetle
 12511 | D:11     | Reached **** piety under Okawaru
 12548 | D:11     | Noticed a two-headed ogre
 12561 | D:11     | Killed a two-headed ogre
 12562 | D:11     | Reached XP level 12. HP: 98/98 MP: 14/14
 13118 | D:11     | Found a staircase to the Orcish Mines.
 13164 | D:11     | Noticed a boulder beetle
 13293 | D:11     | Killed a boulder beetle
 13826 | D:11     | Reached ***** piety under Okawaru
 14144 | D:11     | Noticed an ice dragon
 14169 | D:11     | Killed an ice dragon
 14170 | D:11     | Reached skill level 15 in Polearms
 14170 | D:11     | Noticed an ice dragon
 14206 | D:11     | Killed an ice dragon
 14206 | D:11     | Received a gift from Okawaru
 14997 | D:12     | Noticed a two-headed ogre
 15085 | D:12     | Killed a two-headed ogre
 15085 | D:12     | Received a gift from Okawaru
 15086 | D:12     | Reached skill level 11 in Fighting
 15221 | Lair:1   | Entered Level 1 of the Lair of Beasts
 15396 | Lair:1   | Received a gift from Okawaru
 15525 | Lair:1   | HP: 5/100 [poisoned by a cane toad]
 15930 | Lair:1   | Reached skill level 5 in Invocations
 15944 | Lair:1   | Noticed Urug
 15974 | Lair:1   | Killed Urug
 16070 | Lair:1   | Noticed a five-headed hydra
 16081 | Lair:1   | Killed a five-headed hydra
 16568 | Lair:1   | Reached skill level 5 in Evocations
 16734 | Lair:2   | Reached XP level 13. HP: 106/106 MP: 16/16
 17556 | Lair:2   | Reached skill level 12 in Fighting
 18341 | Lair:3   | Found a staircase to the Swamp.
 18603 | Lair:3   | Found a hole to the Spider Nest.
 18605 | Lair:3   | Received a gift from Okawaru
 18934 | Lair:4   | Found a dark tunnel.
 18944 | Volcano  | Entered a volcano
 19431 | Volcano  | Found a radiant altar of Vehumet.
 19483 | Volcano  | Reached skill level 13 in Fighting
 19666 | Volcano  | Noticed a red draconian
 19689 | Volcano  | Killed a red draconian
 19896 | Volcano  | Identified the +0 hat "Vedys" {Regen+}
 20099 | Lair:4   | Noticed Snorg
 20116 | Lair:4   | Killed Snorg
 20116 | Lair:4   | Received a gift from Okawaru
 20203 | Lair:4   | Noticed Nessos
 20206 | Lair:4   | Killed Nessos
 20324 | Lair:4   | Reached XP level 14. HP: 119/119 MP: 17/17
 20418 | Lair:4   | Received a gift from Okawaru
 20798 | Lair:5   | Reached skill level 14 in Fighting
 21385 | Lair:5   | Found a viscous altar of Jiyva.
 21385 | Lair:5   | Found a staircase to the Slime Pits.
 21513 | Lair:6   | Entered Level 6 of the Lair of Beasts
 21733 | Lair:6   | HP: 2/121 [eight-headed hydra (10)]
 21861 | Lair:6   | Identified the +8 hand axe "Xiel" {chaos, +Blink rPois
                  | Str-2}
 22331 | Lair:6   | Reached ****** piety under Okawaru
 22505 | Lair:5   | Reached skill level 15 in Fighting
 22657 | Lair:6   | Reached skill level 15 in Dodging
 22724 | Lair:6   | Received a gift from Okawaru
 22817 | Lair:6   | Noticed Josephine
 22832 | Lair:6   | Killed Josephine
 23037 | Lair:6   | Noticed a dire elephant
 23056 | Lair:6   | Killed a dire elephant
 23304 | D:8      | Got the Compendium of the Dislocated Snowflakes
 23611 | D:13     | Found Durph's Assorted Antiques.
 23780 | D:13     | Reached XP level 15. HP: 127/130 MP: 15/18
 23784 | D:13     | Reached skill level 16 in Fighting
 23802 | D:13     | Found a gate to the Vaults.
 23810 | D:13     | Found a flagged portal.
 23853 | Bailey   | Entered a bailey
 24926 | Orc:1    | Entered Level 1 of the Orcish Mines
 24961 | Orc:1    | Received a gift from Okawaru
 25268 | Orc:2    | Entered Level 2 of the Orcish Mines
 25518 | Orc:2    | Found a staircase to the Elven Halls.
 25554 | Orc:2    | Noticed Donald
 25573 | Orc:2    | Killed Donald
 25587 | Orc:2    | Reached skill level 17 in Fighting
 25592 | Orc:2    | Received a gift from Okawaru
 26020 | Orc:2    | Found Ofrethra's Jewellery Shop.
 26020 | Orc:2    | Found Pisuah's Jewellery Shop.
 26052 | Orc:2    | Found Leogot's Antique Armour Shoppe.
 26052 | Orc:2    | Found Dyppegr Taru's General Store.
 26063 | Orc:2    | Bought a potion of mutation for 96 gold pieces
 26081 | Orc:2    | Bought a pair of glowing boots for 165 gold pieces
 26214 | Orc:2    | Found Fucuown's Antique Armour Boutique.
 26220 | Orc:2    | Bought a distressingly furry scale mail for 225 gold pieces
 26220 | Orc:2    | Identified the +1 scale mail of Absence {rF+} (You bought
                  | it in a shop on level 2 of the Orcish Mines)
 26780 | D:3      | Bought the +8 trident of the Octopus King {venom, rElec
                  | rPois Will+} for 1564 gold pieces
 26780 | D:3      | Found the +8 trident of the Octopus King {venom, rElec
                  | rPois Will+}
 26985 | Swamp:1  | Entered Level 1 of the Swamp
 27427 | Swamp:1  | Identified the +6 hunting sling of the Dwarven Hall {venom,
                  | Int+3}
 27798 | Swamp:2  | Found a runed translucent door.
 27798 | Swamp:2  | Noticed dolemite99's ghost (adept GnEE)
 27807 | Swamp:2  | Reached skill level 10 in Shields
 28006 | Swamp:2  | Received a gift from Okawaru
 28146 | Swamp:2  | Identified the +1 buckler of the Resonant Slorg {Fly rC+}
                  | (Okawaru gifted it to you on level 2 of the Swamp)
 28146 | Swamp:2  | Received a gift from Okawaru
 28306 | Swamp:2  | Reached skill level 18 in Fighting
 28712 | D:6      | Killed Atlas's ghost
 28713 | D:6      | Reached XP level 16. HP: 137/143 MP: 11/19
 28801 | D:6      | Identified the ring "Palaec" {Str+3 SInv}
 29633 | Swamp:3  | Got The Foundations of Sorcery
 29640 | Swamp:3  | Noticed a fenstrider witch
 29666 | Swamp:3  | Killed a fenstrider witch
 30324 | Swamp:4  | Entered Level 4 of the Swamp
 30335 | Swamp:3  | Reached skill level 19 in Fighting
 30439 | Swamp:4  | Noticed Nikola
 30563 | Swamp:4  | Killed Nikola
 30743 | Swamp:3  | Received a gift from Okawaru
 30861 | Swamp:4  | Noticed a fenstrider witch
 30871 | Swamp:3  | Killed a fenstrider witch
 30958 | Swamp:3  | Received a gift from Okawaru
 30982 | Arena    | Entered the Arena
 31345 | Swamp:4  | Noticed a thorn hunter
 31362 | Swamp:4  | Killed a thorn hunter
 31663 | Swamp:4  | Reached skill level 20 in Fighting
 31817 | Swamp:4  | Received a gift from Okawaru
 31859 | Swamp:4  | Reached skill level 10 in Throwing
 31944 | Swamp:4  | Noticed a thorn hunter
 31957 | Swamp:4  | Killed a thorn hunter
 31957 | Swamp:4  | Received a gift from Okawaru
 32029 | Swamp:3  | Reached XP level 17. HP: 107/155 MP: 21/21
 32286 | Swamp:4  | Got a decaying rune of Zot
 32461 | Spider:1 | Entered Level 1 of the Spider Nest
 32734 | Lair:3   | Reached skill level 10 in Evocations
 32915 | Spider:1 | Received a gift from Okawaru
 33189 | Spider:1 | Received a gift from Okawaru
 33983 | Spider:2 | Received a gift from Okawaru
 34272 | Spider:2 | Received a gift from Okawaru
 34667 | Spider:3 | Noticed Arachne
 34791 | Spider:3 | Killed Arachne
 35119 | Spider:3 | Identified the +11 halberd of Omuzoir {drain, rN+} (Okawaru
                  | gifted it to you on level 3 of the Spider Nest)
 35119 | Spider:3 | Received a gift from Okawaru
 35296 | Spider:3 | Noticed Louise
 35418 | Spider:2 | Killed Louise
 35858 | Spider:4 | Entered Level 4 of the Spider Nest
 35858 | Spider:4 | Noticed Roxanne
 36059 | Spider:3 | Reached XP level 18. HP: 155/162 MP: 24/24
 36339 | Spider:3 | Reached skill level 5 in Armour
 36521 | Spider:4 | Received a gift from Okawaru
 36753 | Spider:2 | HP: 6/162 [entropy weaver (8)]
 36755 | Arena    | Entered the Arena
 36758 | Arena    | Slain by an entropy weaver

Illustrated notes

Levels and vault maps discovered:
D:1:      wander_arrival_estate, layout_basic,
          hellmonk_ecumenical_altar_slurped_away
D:2:      layout_loops_ring
D:3:      layout_basic, serial_shops, shop
D:4:      layout_basic, minivault_19
D:5:      layout_rooms, minmay_temple_entry_nine_rooms, uniq_ijyb
D:6:      layout_loops_ring, fedhas_altar_2, kb_xom_exploding_sheep,
          gammafunk_ghost_gnarly_gnolls
D:7:      layout_loops_corners, chequers_serial_rivers_room_b,
          hangedman_decor_points, minmay_misc_feat_pillars, minmay_circle_x,
          uniq_prince_ribbit1
D:8:      layout_gridville, lair_entry_dummy, roderic_three_in_a_row,
          minmay_diamond_spiral
D:9:      wad_woods_stonehenge, layout_stronghold, grunt_temple_overflow_open,
          elyvilon_altar_3, nicolae_ru_awakened_eye, uniq_pikel
D:10:     layout_gridville
D:11:     minmay_ice_pillars, layout_loops_corners, orc_0_dummy
D:12:     layout_cave_pods
D:13:     layout_loops_cross, david_vaults_3, enter_bailey_2, serial_shops,
          nicolae_shop_trees, minivault_10, chequers_garden,
          minmay_misc_feat_tiny
Temple:   nicolae_temple_figure_eight
Lair:1:   beast_lair_carwin_large_2, layout_gridlike, uniq_urug
Lair:2:   layout_loops_ring, special_room [special_room_bee],
          serial_bayou_shore_b, grunt_megastairs_5
Lair:3:   layout_loops_ring, swamp_mist, spider_nest_entry_funnel_web,
          special_room, minmay_stone_trees_small,
          eino_small_chamber_without_monster
Lair:4:   layout_gridlike, lightli_volcano_entry_magma_tube, uniq_nessos,
          uniq_snorg
Lair:5:   pond_and_an_island_with_a_cottage, layout_misc_corridors,
          dpeg_slime_entry_enclosed_altar, minmay_holes
Lair:6:   grunt_lair_end_beastmaster, layout_loops_ring, lemuel_fruit_tree,
          lemuel_fruit_fields, infiniplex_staircase_pool_2, uniq_josephine
Swamp:1:  layout_basic_swamp, evilmike_swamp_ruin_rubble_2,
          hangedman_swamp_blocks
Swamp:2:  layout_basic_swamp, hellmonk_ghost_happy_afterlife,
          evilmike_swamp_ruin_rubble_1, swamp_pool1
Swamp:3:  layout_basic_swamp, hangedman_swamp_diagram, swamp_pool1
Swamp:4:  swamp, layout_basic_swamp, uniq_nikola
Spider:1: layout_spider_delve
Spider:2: layout_spider_delve
Spider:3: layout_spider_delve, drop_trap, uniq_arachne, uniq_louise
Spider:4: grunt_spider_rune_circles, uniq_roxanne
Orc:1:    layout_caves
Orc:2:    st_orc_elflike, layout_diamond_mine, serial_shops, nicolae_shop_trees,
          statue_in_the_mist_lemuel, uniq_donald
Arena

Skill      XL: |  1  2  3  4  5  6  7  8  9 10 11 12 13 14 15 16 17 18 |
---------------+-------------------------------------------------------+-----
Polearms       | 5 6 8 9 11 13 14 15 16 | 16.0
Shields        | 2 4 5 7 8 10 | 10.0
Armour         | 1 3 4 5 |  5.2
Fighting       | 3 5 7 10 11 13 15 18 20 | 20.0
Throwing       | 3 4 6 7 10 12 | 12.4
Dodging        | 5 7 9 10 12 14 15 | 15.0
Invocations    | 3 5 6 9 |  9.0
Evocations     | 2 5 7 9 11 12 | 12.0

Action                   |  1- 3 |  4- 6 |  7- 9 | 10-12 | 13-15 | 16-18 || total
-------------------------+-------+-------+-------+-------+-------+-------++-------
Melee: Trident           |    90 |   166 |   327 |   951 |   290 |  1520 ||  3344
       Tailslap          |       |       |     1 |    28 |    24 |    42 ||    95
       Demon trident     |       |       |       |    82 |  1667 |       ||  1749
Throw: Throwing net      |       |       |     1 |     2 |       |       ||     3
       Dart              |       |       |       |    56 |     9 |     3 ||    68
       Javelin           |       |       |       |       |    15 |       ||    15
       Boomerang         |       |       |       |       |     5 |    62 ||    67
Invok: Heroism           |       |       |       |     3 |     5 |       ||     8
       Finesse           |       |       |       |     1 |     5 |     3 ||     9
       Duel              |       |       |       |       |       |     2 ||     2
Evoke: Wand              |       |       |       |     6 |     4 |     3 ||    13
       Phial of floods   |       |       |       |       |     1 |     1 ||     2
  Use: Scroll            |       |    12 |     2 |     2 |     8 |     5 ||    29
       Potion            |       |       |       |     6 |     3 |     5 ||    14
 Stab: Sleeping          |     1 |     1 |     1 |       |       |       ||     3
       Held in net/web   |       |       |     1 |     2 |       |       ||     3
       Distracted        |       |       |       |     1 |       |     2 ||     3
       Confused          |       |       |       |       |       |     1 ||     1
Armor: Leather armour    |    10 |    48 |    43 |       |       |       ||   101
       Ring mail         |       |       |    16 |   174 |   426 |   615 ||  1231
Dodge: Dodged            |    38 |    91 |    80 |   383 |  1124 |  1278 ||  2994
       Repelled          |       |       |     1 |     9 |     8 |     8 ||    26
Block: Buckler           |       |       |    23 |   116 |       |       ||   139
       Kite shield       |       |       |       |    61 |   909 |  1084 ||  2054

Table legend: (Time is in decaauts)
 A = Elapsed time spent in this place.
 B = Non-inter-level travel time spent in this place.
 C = Inter-level travel time spent in this place.
 D = Time resting spent in this place.
 E = Time spent auto-exploring this place.
 F = Levels seen in this place.
 G = Mean time per level.
                   A        B        C        D        E       F      G
               +--------+--------+--------+--------+--------+-----+--------+
         Total |  34668 |  31980 |   2688 |   6984 |  17369 |  34 | 1019.6 |
       Dungeon |  16397 |  14650 |   1747 |   2161 |   9610 |  13 | 1261.3 |
        Temple |    219 |    207 |     12 |      0 |    207 |   1 |  219.0 |
          Lair |   7283 |   6696 |    587 |   1130 |   3930 |   6 | 1213.8 |
         Swamp |   4316 |   4138 |    178 |   1467 |   1557 |   4 | 1079.0 |
   Spider Nest |   3709 |   3646 |     63 |   1234 |   1311 |   4 |  927.2 |
  Orcish Mines |   1527 |   1428 |     99 |    309 |    668 |   2 |  763.5 |
        Bailey |    220 |    220 |      0 |     51 |     48 |   1 |  220.0 |
       Volcano |    953 |    953 |      0 |    607 |     37 |   1 |  953.0 |
         Arena |     41 |     41 |      0 |     23 |      0 |   2 |   20.5 |
               +--------+--------+--------+--------+--------+-----+--------+

Top non-repeatable levels by time:
    D:11: 2902 daAuts
     D:9: 2474 daAuts
 Swamp:3: 1716 daAuts
  Lair:3: 1591 daAuts
  Lair:1: 1455 daAuts
  Lair:6: 1393 daAuts
Spider:3: 1378 daAuts
     D:7: 1302 daAuts
     D:4: 1293 daAuts
     D:1: 1254 daAuts
     D:6: 1226 daAuts
     D:5: 1160 daAuts
Spider:2: 1118 daAuts
  Lair:2: 1105 daAuts
Spider:1: 1093 daAuts
